 Dungeon Crawl Stone Soup version 0.30-a0-1164-ge08a67761e (webtiles) character file.

Game seed: 15186627414255647268

45200 fozzywoppz the Grappler (level 14, -3/149 HPs)
             Began as a Troll Fighter on Apr 28, 2023.
             Was the Champion of Qazlal.
             Slain by a 13-headed hydra (5 damage)
             ... on level 3 of the Lair of Beasts on Apr 29, 2023.
             The game lasted 00:39:07 (13043 turns).

fozzywoppz the Grappler (Troll Fighter)            Turns: 13043, Time: 00:39:07

Health: -3/149     AC: 18    Str: 27    XL:     14   Next: 0%
Magic:  20/20      EV: 10    Int:  6    God:    Qazlal [******]
Gold:   1354       SH:  8    Dex: 13    Spells: 13/13 levels left

rFire   + +          +
                       - Unarmed
rCold   . . .        h - orb {light}
rNeg    . . .        k - +3 fire dragon scales
rPois   +            (helmet restricted)
rElec   .            U - scarf {rC+ rF+}
rCorr   .            (gloves unavailable)
SInv    .            (boots unavailable)
Will    +....        E - amulet of the acrobat Stlth
                     Y - ring "Erphy" {rPois Int+2}
HPRegen 1.24/turn    O - +4 ring of slaying
MPRegen 0.17/turn

%: repel missiles, acrobat
@: protected from physical damage, glowing
A: large, unfitting armour, claws 3, regeneration 1, shaggy fur 1, tough skin 1
a: Renounce Religion, Upheaval, Elemental Force, Disaster Area


You were on level 3 of the Lair of Beasts.
You worshipped Qazlal.
Qazlal was exalted by your worship.
You visited 3 branches of the dungeon, and saw 16 of its levels.
You also visited: Sewer and Gauntlet.

You collected 1354 gold pieces.

Inventory:

Missiles
 s - 21 poisoned darts (quivered)
 C - 9 curare-tipped darts
 H - 3 throwing nets
 K - 8 javelins
Armour
 b - a +0 kite shield
 h - an orb of light (worn)
 k - +3 fire dragon scales (worn)
 N - +0 steam dragon scales
 U - a scarf of resistance (worn)
Jewellery
 j - a ring of flight
 l - an amulet of guardian spirit
 m - a ring of resist corrosion
 t - a +5 ring of evasion
 v - a ring of positive energy
 E - an amulet of the acrobat (around neck)
 O - a +4 ring of slaying (right claw)
 R - a ring of protection from cold
 Y - the ring "Erphy" (left claw) {rPois Int+2}
   (You took it off an orc knight on level 11 of the Dungeon)

   [ring of poison resistance]

   Int:       It affects your intelligence (+2).
   rPois:     It protects you from poison.
Wands
 p - a wand of acid (8)
 y - a wand of iceblast (15)
 z - a wand of charming (7)
 M - a wand of flame (13)
 Q - a wand of digging (8)
 T - a wand of mindburst (10)
Scrolls
 c - 2 scrolls of blinking
 n - 4 scrolls of noise
 o - 13 scrolls of teleportation
 r - 4 scrolls of fog
 u - 2 scrolls of immolation
 x - a scroll of summoning
 A - a scroll of poison
 B - 2 scrolls of torment
 I - a scroll of fear
 J - 2 scrolls of identify
Potions
 a - 3 potions of mutation
 d - 7 potions of flight
 e - a potion of resistance
 f - 3 potions of lignification
 g - 4 potions of berserk rage
 i - 9 potions of curing
 q - 3 potions of brilliance
 w - 4 potions of heal wounds
 D - 2 potions of ambrosia
 F - a potion of haste
 G - a potion of degeneration
 L - 2 potions of might
 P - a potion of attraction
 S - 2 potions of cancellation
 V - 3 potions of invisibility
Miscellaneous
 W - a phial of floods
 X - a tin of tremorstones (2/2)
 Z - a lightning rod (4/4)


   Skills:
 + Level 12.1 Fighting
 - Level 5.6 Armour
 + Level 5.4 Dodging
 - Level 4.5 Shields
 + Level 14.1 Unarmed Combat
 - Level 10.3 Invocations


You had 13 spell levels left.
You didn't know any spells.
Your spell library contained the following spells:

 Spells                   Type           Power      Damage    Failure   Level
 Apportation              Tloc           0%         N/A       77%         1
 Cigotuvi's Dreadful Rot  Necr/Pois/Air  0%         N/A       88%         2
 Call Canine Familiar     Summ           0%         N/A       98%         3
 Ignite Poison            Fire/Tmut/Pois 0%         N/A       98%         3
 Ozocubu's Armour         Ice            0%         N/A       98%         3
 Portal Projectile        Hex/Tloc       0%         N/A       98%         3
 Tukima's Dance           Hex            0%         N/A       98%         3
 Vhi's Electric Charge    Tloc/Air       0%         N/A       98%         3
 Dispel Undead            Necr           0%         3d6       100%        4
 Ice Form                 Ice/Tmut       0%         N/A       100%        4
 Leda's Liquefaction      Hex/Erth       0%         N/A       100%        4
 Passage of Golubria      Tloc           0%         N/A       100%        4
 Summon Ice Beast         Ice/Summ       0%         N/A       100%        4
 Alistair's Intoxication  Tmut/Pois      0%         N/A       100%        5
 Arcjolt                  Conj/Air       0%         1d10      100%        5
 Metabolic Englaciation   Hex/Ice        0%         N/A       100%        5
 Silence                  Hex/Air        0%         N/A       100%        5
 Summon Forest            Summ/Tloc      0%         N/A       100%        5
 Yara's Violent Unravell  Hex/Tmut       0%         3d3       100%        5
 Death Channel            Necr           0%         N/A       100%        6
 Eringya's Noxious Bog    Tmut/Pois      0%         N/A       100%        6
 Plasma Beam              Fire/Air       0%         2x1d11    100%        6
 Simulacrum               Ice/Necr       0%         N/A       100%        6
 Summon Hydra             Summ           0%         N/A       100%        7
 Lehudib's Crystal Spear  Conj/Erth      0%         10d2      100%        8


Dungeon Overview and Level Annotations

Branches:
Dungeon (12/15)            Temple (0/1) D:4            Lair (3/5) D:8
  Swamp (0/4) Lair:2       Spider (1/4) Lair:2          Orc (0/2) D:12
  Sewer (visited)         Gauntlet (visited)

Altars:
Cheibriados
Dithmenos
Elyvilon
Gozag
Hepliaklqana
Makhleb
Qazlal
Trog
Xom
The Shining One

Shops:
D:2 =:

Annotations:
Lair:3 1 runed translucent door, killozap's ghost, journeyman DsNe


Innate Abilities, Weirdness & Mutations

You are too large for most types of armour.
You have claws for hands.
Your natural rate of healing is unusually fast.
You are covered in fur. (AC +1)
You have tough skin. (AC +1)


Message History

The 13-headed hydra bites you but does no damage.
The 13-headed hydra bites you.
* * * LOW HITPOINT WARNING * * *
The 13-headed hydra bites you!
* * * LOW HITPOINT WARNING * * *
You feel more protected from physical attacks.
The 13-headed hydra bites you!
* * * LOW HITPOINT WARNING * * *
You feel more protected from physical attacks.
The 13-headed hydra bites you!
* * * LOW HITPOINT WARNING * * *
You block the 13-headed hydra's attack.
The 13-headed hydra bites you but does no damage.
The 13-headed hydra bites you!
* * * LOW HITPOINT WARNING * * *
You feel more protected from physical attacks.
The 13-headed hydra bites you but does no damage.
The 13-headed hydra closely misses you. You block the 13-headed hydra's attack.
Okay, then.
You feel much better.
You hear a trumpeting!
The 13-headed hydra bites you but does no damage.
The 13-headed hydra bites you!
* * * LOW HITPOINT WARNING * * *
The 13-headed hydra barely misses you. The 13-headed hydra bites you!
* * * LOW HITPOINT WARNING * * *
The 13-headed hydra bites you but does no damage.
The 13-headed hydra bites you.
* * * LOW HITPOINT WARNING * * *
You feel more protected from physical attacks.
The 13-headed hydra barely misses you. The 13-headed hydra closely misses you.
The 13-headed hydra bites you but does no damage. x2
You block the 13-headed hydra's attack. x2
The 13-headed hydra bites you but does no damage.
You hear an angry hiss.
You hear a croak.
As you read the scroll of fear, it crumbles to dust.
You assume a fearsome visage.
The four-headed hydra looks frightened!
The 13-headed hydra easily resists.
The 13-headed hydra barely misses you. You block the 13-headed hydra's attack.
The 13-headed hydra bites you.
You die...

#.........† P.......###
........#♣i .P......#♣♣
........# ♣ ## #####....##♣
.♣♣♣♣♣ ♣.♣ #.....#
#.♣♣§♣♣♣♣.♣♣#.....#
#.♣@♣....♣........##
♣..##+##DD♣♣♣♣♣♣.♣♣#......#
♣..lDD♣♣♣ ♣.♣ #.......
##♣.♣## ### #....... ♣
#....... #....... #..?...#
##....## #......#


You could see a 13-headed hydra and a five-headed hydra.

Vanquished Creatures
  A minotaur (Gauntlet)
  A hydra (Lair:3)
  3 two-headed ogres
  A centaur warrior (D:11)
  2 boulder beetles (D:11)
  2 tengu warriors (D:11)
  7 death yaks
  A catoblepas (Lair:1)
  A skeletal warrior (D:11)
  A deep troll (D:11)
  2 bog bodies (Lair:2)
  2 deep elf pyromancers
  2 orc knights (D:11)
  An orc sorcerer (D:11)
  A manticore (D:12)
  A necromancer (D:10)
  A cyclops (D:12)
  Joseph (D:8)
  A black mamba (Lair:3)
  A gargoyle (D:12)
  An eye of devastation (Gauntlet)
  Maggie (D:8)
  6 cane toads
  A torpor snail (Lair:3)
  An efreet (Gauntlet)
  2 rime drakes
  8 komodo dragons
  5 trolls
  2 hornets
  16 blink frogs
  2 raiju (Gauntlet)
  2 wraiths
  A water elemental (D:12)
  33 yaks
  2 wyverns
  2 fire elementals (Gauntlet)
  A vampire (D:11)
  2 basilisks
  4 steam dragons
  7 vampire mosquitoes (D:12)
  2 wargs (D:8)
  2 acid dragons
  A hell hound (Gauntlet)
  3 ice beasts
  A floating eye (Gauntlet)
  4 black bears
  7 water moccasins
  8 orc warriors
  A sky beast (D:8)
  4 ogres
  14 wolves
  11 centaurs
  The ghost of garrulousMonolith the Digger, an amateur GrEE (D:4)
  2 kobold brigands (D:7)
  8 gnoll sergeants
  9 bullfrogs
  Blork the orc (D:5)
  2 scorpions (D:7)
  5 wights (D:10)
  24 killer bees
  6 howler monkeys
  3 electric eels
  A centaur zombie (D:4)
  2 jellies
  10 hounds
  2 gnoll boudas (D:6)
  10 orc priests
  A sleepcap (D:8)
  Crazy Yiuf (D:3)
  Natasha (twice) (D:3)
  An iguana (D:5)
  19 orc wizards
  2 lightning spires (Gauntlet)
  2 polar bear simulacra (D:10)
  2 yak simulacra (D:10)
  3 wolf simulacra (D:10)
  Robin (D:2)
  20 gnolls
  A howler monkey zombie (D:4)
  9 adders
  2 shadow imps
  4 white imps
  3 ufetubi
  4 worms
  47 orcs
  15 ball pythons
  17 endoplasms
  13 giant cockroaches
  16 goblins
  18 hobgoblins
  6 quokkas
  6 bats
  4 frilled lizards (Sewer)
  23 kobolds
  A rat (D:2)
  4 river rat simulacra (D:10)
  A spectral hobgoblin (D:1)
  2 butterflies (Lair:2)
526 creatures vanquished.

Vanquished Creatures (others)
  An unseen horror (D:11)
  An orc (D:9)
  12 fungi
  46 plants
60 creatures vanquished.

Grand Total: 586 creatures vanquished

Notes
Turn   | Place    | Note
-------+----------+-------------------------------------------
     0 | D:1      | fozzywoppz the Troll Fighter began the quest for the Orb.
     0 | D:1      | Reached XP level 1. HP: 22/22 MP: 0/0
   207 | D:1      | Reached XP level 2. HP: 29/29 MP: 1/1
   239 | D:1      | Found a faded altar of an unknown god.
   781 | D:2      | Found a shadowy altar of Dithmenos.
   810 | D:2      | Found Feumoser's Book Shoppe.
   816 | D:2      | Noticed Robin
   827 | D:2      | Reached XP level 3. HP: 36/36 MP: 2/2
   832 | D:2      | Killed Robin
   861 | D:2      | Found Yfoc's Jewellery Emporium.
  1224 | D:2      | Reached XP level 4. HP: 38/44 MP: 3/3
  1604 | D:3      | Reached skill level 3 in Unarmed Combat
  1781 | D:3      | Found a bloodstained altar of Trog.
  1937 | D:3      | Found a stormy altar of Qazlal.
  1939 | D:3      | Noticed Natasha
  1948 | D:3      | Killed Natasha
  1949 | D:3      | Reached XP level 5. HP: 33/53 MP: 4/4
  2298 | D:3      | Became a worshipper of Qazlal Stormbringer
  2401 | D:3      | Noticed Natasha
  2410 | D:3      | Killed Natasha
  2488 | D:3      | Found a glowing golden altar of the Shining One.
  2572 | D:3      | Found a runed translucent door.
  2573 | D:3      | Noticed Crazy Yiuf
  2579 | D:3      | Killed Crazy Yiuf
  2780 | D:4      | Reached XP level 6. HP: 61/61 MP: 5/5
  2848 | D:4      | Reached skill level 4 in Unarmed Combat
  2872 | D:4      | Found a glowing drain.
  2889 | Sewer    | Entered a sewer
  2927 | Sewer    | Reached * piety under Qazlal
  3131 | Sewer    | Reached XP level 7. HP: 11/68 MP: 6/6
  3230 | D:4      | Found a runed translucent gate.
  3230 | D:4      | Found a runed translucent gate.
  3232 | D:4      | Found a runed translucent gate.
  3234 | D:4      | Noticed garrulousMonolith's ghost (amateur GrEE)
  3365 | D:4      | Reached ** piety under Qazlal
  3503 | D:4      | Found a staircase to the Ecumenical Temple.
  3684 | D:4      | Killed garrulousMonolith's ghost
  3685 | D:4      | Reached skill level 1 in Armour
  3755 | D:5      | Entered Level 5 of the Dungeon
  3755 | D:5      | Noticed Blork the orc
  3768 | D:5      | Reached skill level 5 in Unarmed Combat
  3768 | D:5      | Killed Blork the orc
  3769 | D:5      | Reached XP level 8. HP: 64/79 MP: 4/7
  3841 | D:5      | Reached skill level 5 in Fighting
  3976 | D:5      | Reached skill level 6 in Unarmed Combat
  4466 | D:6      | Reached XP level 9. HP: 89/89 MP: 8/8
  4524 | D:6      | Reached *** piety under Qazlal
  4584 | D:6      | Identified the +3 robe of the Known World {Will- Str+3
                  | Dex+3}
  4628 | D:6      | Reached skill level 7 in Unarmed Combat
  5035 | D:6      | Reached skill level 5 in Armour
  5403 | D:7      | Upgraded the game from 0.30-a0-1163-gf69bf04e7a to
                  | 0.30-a0-1164-ge08a67761e
  5470 | D:7      | Reached skill level 1 in Invocations
  5473 | D:7      | Reached **** piety under Qazlal
  5506 | D:7      | Reached skill level 8 in Unarmed Combat
  5809 | D:8      | Noticed Maggie
  5822 | D:8      | Killed Maggie
  5823 | D:8      | Reached XP level 10. HP: 46/102 MP: 10/10
  6023 | D:8      | Reached ***** piety under Qazlal
  6042 | D:8      | Found a hazy altar of Hepliaklqana.
  6077 | D:8      | Noticed Joseph
  6091 | D:8      | Killed Joseph
  6217 | D:8      | Found a white marble altar of Elyvilon.
  6319 | D:8      | Found a staircase to the Lair.
  6412 | D:9      | Reached skill level 9 in Unarmed Combat
  6979 | D:9      | Found a burning altar of Makhleb.
  6979 | D:9      | Found a snail-covered altar of Cheibriados.
  6995 | D:9      | Noticed a two-headed ogre
  7001 | D:9      | Killed a two-headed ogre
  7007 | D:9      | Reached skill level 5 in Invocations
  7403 | D:10     | Entered Level 10 of the Dungeon
  7430 | D:10     | Reached XP level 11. HP: 111/111 MP: 13/13
  7486 | D:10     | Reached skill level 10 in Unarmed Combat
  7887 | D:10     | Noticed a necromancer
  7893 | D:10     | Killed a necromancer
  8101 | D:10     | Found an opulent altar of Gozag.
  8322 | D:11     | Noticed a tengu warrior
  8334 | D:11     | Killed a tengu warrior
  8341 | D:11     | Noticed an orc knight
  8355 | D:11     | Killed an orc knight
  8365 | D:11     | Noticed an orc sorcerer
  8376 | D:11     | Killed an orc sorcerer
  8383 | D:11     | Found a gate leading to a gauntlet.
  8390 | Gauntlet | Entered a Gauntlet
  8390 | Gauntlet | Found a transporter.
  8390 | Gauntlet | Found a transporter.
  8394 | Gauntlet | Found a transporter.
  8403 | Gauntlet | Found a transporter.
  8422 | Gauntlet | Found a transporter.
  8432 | Gauntlet | Found a transporter.
  8432 | Gauntlet | Found a transporter.
  8440 | Gauntlet | Noticed a quicksilver ooze
  8454 | Gauntlet | Found a transporter.
  8510 | Gauntlet | Found a transporter.
  8529 | Gauntlet | Found a transporter.
  8568 | Gauntlet | Found a transporter.
  8587 | Gauntlet | Found a transporter.
  8594 | Gauntlet | Noticed an orange crystal statue
  8678 | Gauntlet | Found a transporter.
  8746 | Gauntlet | Found a transporter.
  8789 | Gauntlet | Reached skill level 11 in Unarmed Combat
  8824 | Gauntlet | Found a transporter.
  8836 | Gauntlet | Found a transporter.
  8882 | Gauntlet | Identified the ring of Division {Ice Int+2}
  8927 | Gauntlet | Noticed a minotaur
  8939 | Gauntlet | Killed a minotaur
  8946 | Gauntlet | Identified the ring of Ifuufidd {Ice Will+}
  9072 | D:11     | Reached ****** piety under Qazlal
  9096 | D:11     | Reached XP level 12. HP: 124/124 MP: 16/16
  9153 | D:11     | Noticed a boulder beetle
  9165 | D:11     | Killed a boulder beetle
  9178 | D:11     | Noticed a centaur warrior
  9185 | D:11     | Noticed a boulder beetle
  9187 | D:11     | Killed a centaur warrior
  9188 | D:11     | Identified the ring "Erphy" {rPois Int+2}
  9190 | D:11     | Noticed a tengu warrior
  9198 | D:11     | Killed a boulder beetle
  9212 | D:11     | Reached skill level 10 in Fighting
  9226 | D:11     | Killed a tengu warrior
  9308 | D:11     | Noticed a two-headed ogre
  9314 | D:11     | Killed a two-headed ogre
  9315 | D:11     | Reached skill level 12 in Unarmed Combat
  9743 | D:11     | Got the Incunabulum of the Kindled Serac
 10108 | D:12     | Found a staircase to the Orcish Mines.
 10167 | D:12     | Noticed a two-headed ogre
 10171 | D:12     | Killed a two-headed ogre
 10284 | D:12     | Found a shimmering altar of Xom.
 10638 | Lair:1   | Entered Level 1 of the Lair of Beasts
 10653 | Lair:1   | Reached XP level 13. HP: 103/136 MP: 19/19
 10804 | Lair:1   | Reached skill level 13 in Unarmed Combat
 11009 | Lair:1   | Identified the +8 short sword of Grace {speed, rElec rN++
                  | Str-5}
 11322 | Lair:2   | Reached skill level 10 in Invocations
 11331 | Lair:2   | Found a staircase to the Swamp.
 11787 | Lair:2   | Found a hole to the Spider Nest.
 12591 | Spider:1 | Entered Level 1 of the Spider Nest
 12665 | Lair:3   | Reached skill level 5 in Dodging
 12768 | Lair:3   | Reached skill level 14 in Unarmed Combat
 12937 | Lair:3   | Found a runed translucent door.
 12937 | Lair:3   | Noticed killozap's ghost (journeyman DsNe)
 12939 | Lair:3   | Identified the +10 trident of Opidefys {flame, Drain rCorr
                  | Int+2}
 12939 | Lair:3   | Identified the ring "Kasomy" {Int-5 Dex+9 Slay+4}
 13033 | Lair:3   | Reached XP level 14. HP: 90/149 MP: 20/20
 13041 | Lair:3   | HP: 2/149 [13-headed hydra (10)]
 13043 | Lair:3   | Slain by a 13-headed hydra

Illustrated notes

Levels and vault maps discovered:
D:1:      dpeg_arrival_simpleton_c, layout_loops_cross,
          dreamdust_ecumenical_altar_drowned_temple, grunt_decor_junction,
          serial_bayou_pond_a
D:2:      layout_loops_cross, basic_altar, serial_shops, shop,
          nicolae_shop_stone, kennysheep_potato, uniq_robin
D:3:      layout_loops_cross, mainiacjoe_overflow_tiny_flanked,
          mainiacjoe_overflow_catwalk, tso_oasis_becter, patterned_corridor,
          uniq_crazy_yiuf_cottage, uniq_natasha
D:4:      kennysheep_big_flooded_room, layout_cave_pools,
          minmay_temple_entry_mist, gammafunk_ghost_necromancy,
          cheibrodos_sewer_entry_sluice
D:5:      layout_cave_pools, uniq_blork_the_orc
D:6:      kennysheep_housing_project, layout_cave_pods
D:7:      layout_rooms, kennysheep_generic_room_9
D:8:      layout_rooms, mainiacjoe_overflow_alcove_4,
          mainiacjoe_overflow_small_starburst, erik_lair_orcish_takeover,
          eino_small_chamber_without_monster, uniq_joseph, uniq_maggie
D:9:      layout_basic, jmf_multi_god_temple, serial_bayou, serial_bayou_pond_c,
          serial_bayou_lagoon_b, serial_bayou_pond_e, serial_bayou_pond_c
D:10:     layout_basic, grunt_gozag_statues, eino_house_with_fridge
D:11:     minmay_the_grid_3x2 [minmay_the_grid_fan, minmay_the_grid_armoury,
          minmay_the_grid_outer_diamond, minmay_the_grid_eight,
          minmay_the_grid_broken_lines, minmay_the_grid_prize_trominoes],
          layout_cave_pools, gauntlet_entry_generic
D:12:     layout_gridville, kennysheep_orc_monster_closet_entryway,
          kennysheep_diamond
Lair:1:   layout_roguey, cheibrodos_lair_reptile_den
Lair:2:   layout_layer_cave, skrybe_swamp_entry_bodies,
          spider_nest_entry_web_field, lemuel_fruit_tree, grunt_megastairs_4,
          lemuel_fruit_fields, infiniplex_staircase_pool_2
Lair:3:   nzn_winding_woodlands_large [nzn_winding_woodlands_5x5_cross,
          nzn_winding_woodlands_5x15_cabin, nzn_winding_woodlands_5x5_default,
          nzn_winding_woodlands_center_pierced_h,
          nzn_winding_woodlands_15x15_eel_pit,
          nzn_winding_woodlands_center_triple_pond,
          nzn_winding_woodlands_5x5_three,
          nzn_winding_woodlands_5x15_pathside_ponds,
          nzn_winding_woodlands_5x5_checkerboard], layout_gridlike,
          ebering_ghost_funeral_grove, st_stairs_9
Spider:1: layout_chambers, hangedman_spider_mandibles

Skill      XL: |  1  2  3  4  5  6  7  8  9 10 11 12 13 |
---------------+----------------------------------------+-----
Shields        | 3 4 |  4.5
Fighting       | 3 4 5 7 8 9 10 12 | 12.1
Dodging        | 3 4 5 |  5.4
Unarmed Combat | 3 4 5 6 8 9 11 12 14 | 14.1
Armour         | 2 3 5 |  5.6
Invocations    | 2 5 7 9 10 | 10.3

Action                     |  1- 3 |  4- 6 |  7- 9 | 10-12 | 13-15 || total
---------------------------+-------+-------+-------+-------+-------++-------
  Melee: Unarmed           |    86 |   193 |   263 |   553 |   222 ||  1317
  Evoke: Wand              |       |       |       |     1 |     2 ||     3
    Use: Potion            |       |     4 |     3 |       |     1 ||     8
         Scroll            |       |     2 |     6 |    15 |     4 ||    27
 Armour: Robe              |    20 |    86 |    11 |       |       ||   117
         Skin              |       |    25 |       |       |       ||    25
         Fire dragon scale |       |       |   139 |   197 |    99 ||   435
  Dodge: Dodged            |    34 |   130 |   150 |   272 |   100 ||   686
         Repelled          |       |       |     2 |     4 |       ||     6
  Block: Kite shield       |    11 |       |       |       |       ||    11
         Orb               |       |     4 |    45 |   171 |    73 ||   293

Table legend: (Time is in decaauts)
 A = Elapsed time spent in this place.
 B = Non-inter-level travel time spent in this place.
 C = Inter-level travel time spent in this place.
 D = Time resting spent in this place.
 E = Time spent auto-exploring this place.
 F = Levels seen in this place.
 G = Mean time per level.
                   A        B        C        D        E       F      G
               +--------+--------+--------+--------+--------+-----+--------+
         Total |  12873 |  12281 |    592 |    155 |   8302 |  18 |  715.2 |
       Dungeon |   9537 |   9001 |    536 |    124 |   6314 |  12 |  794.8 |
          Lair |   2371 |   2315 |     56 |      0 |   1815 |   3 |  790.3 |
   Spider Nest |      1 |      1 |      0 |      0 |      0 |   1 |    1.0 |
         Sewer |    311 |    311 |      0 |     31 |     21 |   1 |  311.0 |
      Gauntlet |    652 |    652 |      0 |      0 |    151 |   1 |  652.0 |
               +--------+--------+--------+--------+--------+-----+--------+

Top non-repeatable levels by time:
  Lair:2: 1335 daAuts
     D:3: 1266 daAuts
     D:6: 1083 daAuts
     D:9: 1027 daAuts
    D:10: 898 daAuts
    D:11: 824 daAuts
     D:2: 787 daAuts
    D:12: 745 daAuts
     D:1: 707 daAuts
     D:4: 664 daAuts
Gauntlet: 652 daAuts
  Lair:1: 624 daAuts
     D:8: 556 daAuts
     D:5: 542 daAuts
     D:7: 433 daAuts
